 Dungeon Crawl Stone Soup version 0.25-a0-87-ga3d287bc14 (webtiles) character file.

Game seed: 8039889838807495780, levelgen mode: deterministic

81 Gargoyl the Skirmisher (level 4, 0/40 HPs)
             Began as a Centaur Abyssal Knight on Nov 10, 2019.
             Was a Follower of Lugonu.
             Slain by Crazy Yiuf
             ... wielding a +3 quarterstaff of chaos
              (12 damage)
             ... on level 2 of the Dungeon.
             The game lasted 00:01:51 (1727 turns).

Gargoyl the Skirmisher (Centaur Abyssal Knight)     Turns: 1727, Time: 00:01:51

Health: 0/40       AC:  6    Str: 15    XL:     4   Next: 20%
Magic:  9/14       EV: 14    Int: 11    God:    Lugonu [*.....]
Gold:   33         SH:  0    Dex: 14    Spells: 3/3 levels left

rFire    + . .     SeeInvis .   a - +1 hand axe
rCold    . . .     Gourm    .   (no shield)
rNeg     . . .     Faith    .   e - +1 robe of Bad Feelings {rElec MP+9}
rPois    .         Spirit   .   (no helmet)
rElec    +         Reflect  .   (no cloak)
rCorr    .         Harm     .   p - +0 pair of gloves (curse)
MR       .....                  (no barding)
Stlth    ++........             (no amulet)
HPRegen  0.13/turn              i - ring of protection from fire
MPRegen  0.14/turn              (no ring)

@: agile, lethally poisoned (0 -> -7), lightly drained, very quick
A: large, hooves 3, deformed body, speed 2, tough skin 3
a: Depart the Abyss, Renounce Religion


You were on level 2 of the Dungeon.
You worshipped Lugonu.
Lugonu was aware of your devotion.
You were not hungry.

You visited 1 branch of the dungeon, and saw 2 of its levels.
You visited the Abyss 1 time.

You collected 33 gold pieces.

Inventory:

Hand Weapons
 a - a +1 hand axe (weapon)
Missiles
 l - 7 boomerangs (quivered)
Armour
 e - the +1 robe of Bad Feelings (worn) {rElec MP+9}
   (You found it on level 2 of the Abyss)

   It insulates you from electricity.
   It affects your magic capacity (+9).
 o - a +0 chain mail
 p - a cursed +0 pair of gloves (worn)
Jewellery
 i - a ring of protection from fire (left hand)
Wands
 q - a wand of digging (6)
Scrolls
 d - 7 scrolls of identify {unknown}
 j - a scroll of fear {unknown}
 k - 3 scrolls of enchant weapon {unknown}
 m - a scroll of teleportation {unknown}
 n - a scroll of magic mapping {unknown}
Potions
 b - 2 potions of curing {unknown}
 f - a potion of lignification {unknown}
 g - 2 potions of heal wounds
 h - a potion of invisibility {unknown}
 s - a potion of haste {unknown}
Comestibles
 c - 3 rations
 t - 4 chunks of flesh


   Skills:
 + Level 3.7(3.5) Fighting
 + Level 2.5(2.3) Axes
 * Level 1.8(1.6) Armour
 * Level 1.2(1.0) Dodging
 * Level 2.5(2.3) Invocations


You had 3 spell levels left.
You didn't know any spells.
Your spell library was empty.

Dungeon Overview and Level Annotations

Branches:
Dungeon (2/15)

Altars:

Annotations:
D:2 Crazy Yiuf


Innate Abilities, Weirdness & Mutations

You have hooves in place of feet.
Armour fits poorly on your strangely shaped body.
You cover ground very quickly.
You have extremely tough skin. (AC +3)


Message History

You see here a +0 club.
Your transformation has ended.
Your +1 hand axe unmelds from your body.
Your cursed +0 pair of gloves unmelds from your body.
The +1 robe of Bad Feelings {rElec MP+9} unmelds from your body.
Your ring of protection from fire unmelds from your body.
There is an open door here.
You open the door.
There is an open door here.
You start resting.
Crazy Yiuf is too close now for your liking.
You feel agile all of a sudden.
Crazy Yiuf says, "Crazy?
Crazy!?
PORCUPINE!"
Crazy Yiuf hits you with a +3 quarterstaff of chaos!
You are poisoned.
You hit Crazy Yiuf. You kick Crazy Yiuf.
Crazy Yiuf is severely wounded.
You feel sick.
Crazy Yiuf hits you with a +3 quarterstaff of chaos!
You die...

#.###.####.#.### #.#
#.####.#.#.. #.#
#........... #.#
######.#.#.# #.#
#....#.#.# #.#
#.####.#.# #.#####.#
#.#.# ######....##.#
#.... +...@g....##.#
###.# ######....##.#
#.# #....##.# #.#
#....##.######.#
##+#####....##........#
#...........###########
#...[รท......#
#....(......#
#...........#


You could see Crazy Yiuf.

Vanquished Creatures
  Jessica (D:2)
  Terence (D:2)
  An adder (D:2)
  5 goblins
  6 hobgoblins
  A quokka (D:2)
  2 frilled lizards
  A kobold (D:1)
  3 rats
21 creatures vanquished.

Notes
Turn   | Place    | Note
-------+----------+-------------------------------------------
     0 | Abyss:1  | Gargoyl the Centaur Abyssal Knight began the quest for the
                  | Orb.
     0 | Abyss:1  | Reached XP level 1. HP: 19/19 MP: 2/2
   157 | Abyss:2  | Got a shadowed robe
   168 | Abyss:2  | Identified the +1 robe of Bad Feelings {rElec MP+9} (You
                  | found it on level 2 of the Abyss)
   257 | Abyss:4  | Noticed a ynoxinul
   257 | D:1      | Escaped the Abyss
   303 | D:1      | Reached * piety under Lugonu
   593 | D:1      | Reached XP level 2. HP: 26/26 MP: 3/3
  1113 | D:2      | Reached skill level 1 in Dodging
  1216 | D:2      | Noticed Terence
  1229 | D:2      | Killed Terence
  1229 | D:2      | Reached XP level 3. HP: 21/31 MP: 4/4
  1482 | D:2      | Noticed Jessica
  1495 | D:2      | Killed Jessica
  1495 | D:2      | Reached XP level 4. HP: 38/40 MP: 5/5
  1650 | D:2      | Found a runed translucent door.
  1651 | D:2      | Noticed Crazy Yiuf
  1727 | D:2      | Slain by Crazy Yiuf

Levels and vault maps discovered:
D:1:      dpeg_arrival_tiny_i, layout_loops_ring, minmay_indecisive_spiral
D:2:      layout_basic, uniq_jessica, uniq_crazy_yiuf_cottage, uniq_terence

Skill      XL: |  1  2 |
---------------+-------+-----
Axes           | 2 |  2.5
Dodging        | 1 |  1.2
Fighting       | |  3.7
Armour         | |  1.8
Invocations    | |  2.5

Action                   |  1- 3 |  4- 6 || total
-------------------------+-------+-------++-------
Melee: Hand axe          |    57 |     8 ||    65
       Kick              |    11 |     1 ||    12
Invok: Depart the Abyss  |     1 |       ||     1
  Use: Potion            |     1 |     1 ||     2
  Eat: Chunk             |       |     1 ||     1
Armor: Robe              |    29 |     2 ||    31
Dodge: Dodged            |    26 |     1 ||    27

Table legend:
 A = Non-vault XP
 B = Vault XP
 C = Vault XP percentage of total XP
 D = Non-vault monster count
 E = Vault monster count
 F = Vault count percentage of total count
                 A         B        C        D         E       F
            +---------+---------+-------+---------+---------+-------
      Total |      37 |      80 |  68.4 |      15 |       6 |  28.6
            +---------+---------+-------+---------+---------+-------
        D:1 |       8 |       7 |  46.7 |       5 |       4 |  44.4
        D:2 |      29 |      73 |  71.6 |      10 |       2 |  16.7
            +---------+---------+-------+---------+---------+-------
